Map: Oxide LE

Players

TeebuL - Winner!

  • Race: Protoss Protoss

Raza

  • Race: Terran Terran

Event: DreamHack SC2 Masters 2021 Winter

VOD

Have the link to the VOD?

Description

Time

  • Played on: Oct. 2, 2021, 6:05 a.m.
  • Length: 12:32

All games in this series

Show
View Real Time Build Order
Export as new Build Order

TeebuL Protoss - Winner!

Build Orders: 1 Gate Expand, Blink Stalkers 

Get SALT Encoding   

  12  0:00  Probe  
  13  0:12  Probe  
  14  0:18  Pylon  
  14  0:24  Probe (Chrono Boost)  
  15  0:38  Probe (Chrono Boost)  
  15  0:39  Gateway  
  16  0:43  Probe (Chrono Boost)  
  17  0:52  Probe  
  17  0:54  Assimilator  
  18  1:04  Probe  
  19  1:16  Probe  
  20  1:26  Cybernetics Core  
  20  1:34  Nexus  
  20  1:37  Probe  
  21  1:44  Pylon  
  21  1:51  Probe  
  21  1:54  Assimilator  
  21  2:00  Adept (Chrono Boost)  
  21  2:03  Warp Gate  
  21  2:05  Probe (Chrono Boost)  
  24  2:17  Probe (Chrono Boost)  
  25  2:26  Probe (Chrono Boost)  
  25  2:29  Sentry  
  28  2:31  Probe  
  28  2:35  Gateway  
  30  2:46  Probe (Chrono Boost)  
  30  2:47  Twilight Council  
  30  2:48  Probe (Chrono Boost)  
  31  2:57  Probe (Chrono Boost)  
  33  2:59  Probe (Chrono Boost)  
  33  3:01  Stalker  
  33  3:02  Probe (Chrono Boost)  
  36  3:07  Probe  
  37  3:14  Blink (Chrono Boost), Probe, Pylon  
  37  3:19  Probe  
  39  3:26  Probe  
  40  3:31  Probe  
  41  3:38  Probe  
  42  3:42  Pylon  
  42  3:43  Probe  
  43  3:50  Probe  
  44  3:56  Probe  
  44  4:02  Stalker x2  
  49  4:03  Probe  
  49  4:08  Probe  
  49  4:09  Nexus  
  51  4:11  Pylon  
  51  4:15  Probe  
  52  4:17  Pylon  
  52  4:20  Probe  
  53  4:27  Stalker x2, Probe  
  58  4:32  Probe  
  58  4:34  Robotics Facility, Assimilator  
  58  4:37  Assimilator  
  59  4:39  Probe  
  59  4:44  Probe  
  61  4:50  Stalker x2  
  66  4:52  Probe  
  66  4:53  Charge (Chrono Boost)  
  66  5:00  Probe, Pylon  
  66  5:04  Probe  
  68  5:12  Probe  
  69  5:14  Gateway  
  69  5:16  Gateway  
  69  5:17  Probe  
  69  5:18  Stalker  
  69  5:19  Stalker  
  74  5:21  Observer  
  74  5:22  Probe  
  74  5:24  Probe  
  77  5:32  Robotics Bay  
  77  5:33  Probe  
  78  5:37  Probe  
  78  5:42  Probe  
  80  5:43  Gateway  
  80  5:44  Gateway  
  80  5:46  Shield Battery  
  80  5:47  Pylon  
  80  5:51  Sentry x2  
  80  5:53  Pylon  
  84  5:57  Gateway  
  84  5:58  Probe  
  85  6:05  Probe  
  85  6:06  Probe  
  85  6:10  Zealot  
  89  6:12  Zealot  
  89  6:14  Zealot x2  
  95  6:18  Colossus (Chrono Boost)  
  95  6:21  Extended Thermal Lance  
  101  6:25  Shield Battery  
  101  6:26  Pylon  
  101  6:31  Zealot  
  103  6:34  Pylon x2  
  101  6:40  Zealot x5  
  111  7:05  Zealot x7  
  123  7:08  Colossus (Chrono Boost)  
  129  7:18  Dark Shrine  
  129  7:20  Forge  
  129  7:21  Gateway  
  129  7:25  Probe x2  
  129  7:26  Assimilator  
  129  7:27  Zealot x4, Assimilator  
  139  7:41  Zealot  
  141  7:45  Pylon x2  
  141  7:46  Pylon  
  137  7:53  Protoss Ground Weapons Level 1 (Chrono Boost)  
  137  7:58  Zealot x6  
  126  8:14  Probe  
  126  8:15  Probe  
  126  8:17  Probe  
  129  8:24  Stalker x7  
  133  8:29  Colossus  
  133  8:31  Nexus  
  133  8:37  Observer  
  115  8:47  Zealot  
  115  8:48  Zealot x6, Shadow Stride (Chrono Boost)  
  129  8:50  Sentry  
  131  9:03  Pylon  
  127  9:10  Dark Templar x4  
  126  9:21  Probe x2  
  126  9:22  Probe  
  127  9:25  Zealot x3  
  127  9:33  Probe  
  127  9:34  Probe  
  127  9:35  Probe  
  128  9:39  Templar Archives  
  128  9:41  Observer  
  128  9:45  Probe  
  127  9:46  Probe  
  127  9:47  Probe  
  127  9:48  Pylon  
  127  9:50  Archon  
  127  9:52  Zealot x5  
  133  9:53  Zealot x2  
  133  9:57  Pylon  
  141  10:00  Probe  
  142  10:11  Probe  
  142  10:12  Probe  
  144  10:15  Dark Templar x5  
  144  10:16  Pylon  
  144  10:18  Dark Templar  
  144  10:19  Protoss Ground Weapons Level 2 (Chrono Boost)  
  156  10:24  High Templar x2  
  156  10:28  Probe x3  
  163  10:31  Probe  
  164  10:42  Probe x2  
  166  10:49  Forge  
  165  10:52  Robotics Facility  
  165  10:54  Archon  
  163  10:59  Probe  
  163  11:00  Probe  
  163  11:01  Pylon  
  163  11:04  Zealot x8  
  171  11:07  Photon Cannon  
  171  11:09  Disruptor (Chrono Boost)  
  184  11:25  High Templar x3  
  190  11:26  Zealot x3, High Templar  
  190  11:27  Zealot  
  200  11:32  Archon  
  200  11:33  Archon  
  200  11:44  Gateway  
  200  11:47  Gateway  
  160  12:17  Zealot x8  
Show
View Real Time Build Order
Export as new Build Order

Raza Terran 

Build Orders:  

Get SALT Encoding   

  12  0:00  SCV  
  13  0:12  SCV  
  14  0:17  Supply Depot  
  14  0:24  SCV  
  15  0:38  SCV  
  15  0:40  Barracks  
  16  0:44  Refinery  
  16  0:50  SCV  
  17  1:03  SCV  
  18  1:15  SCV  
  19  1:29  Marine, Orbital Command  
  20  1:47  Barracks Reactor  
  20  1:52  Command Center  
  20  1:55  SCV  
  20  1:59  Supply Depot  
  21  2:08  SCV  
  22  2:14  Factory  
  22  2:20  SCV  
  23  2:23  Marine x2  
  23  2:28  Refinery  
  25  2:32  SCV  
  26  2:41  Marine x2  
  29  2:44  SCV  
  29  2:56  SCV  
  30  2:58  Starport  
  30  3:04  Widow Mine, Orbital Command  
  30  3:05  Marine x2  
  34  3:13  SCV  
  35  3:24  Marine x2  
  35  3:26  Supply Depot  
  37  3:28  Widow Mine, SCV  
  37  3:31  SCV  
  41  3:34  Medivac  
  41  3:40  SCV  
  44  3:42  Marine x2  
  44  3:45  Supply Depot  
  44  3:47  SCV  
  47  3:49  Factory Tech Lab  
  47  3:57  SCV  
  47  4:01  Supply Depot  
  47  4:02  SCV  
  49  4:03  Marine x2  
  51  4:11  SCV, Barracks  
  51  4:13  Raven  
  51  4:15  SCV, Factory Tech Lab  
  55  4:19  Barracks  
  55  4:23  Supply Depot, SCV  
  56  4:25  Marine x2  
  56  4:30  Engineering Bay  
  59  4:31  SCV  
  59  4:36  Siege Tank  
  59  4:38  SCV  
  63  4:44  Marine x2  
  65  4:46  SCV  
  65  4:48  Supply Depot, Refinery  
  65  4:52  SCV  
  67  4:58  SCV, Terran Infantry Weapons Level 1  
  68  5:02  Refinery, Marine x2  
  68  5:06  Supply Depot, SCV  
  71  5:07  Stimpack  
  71  5:11  Marauder  
  73  5:15  Factory Reactor  
  73  5:17  SCV  
  73  5:19  Marauder, Marine  
  73  5:20  Marine  
  78  5:22  SCV  
  78  5:26  Supply Depot  
  79  5:30  Starport Reactor  
  79  5:33  Marauder  
  81  5:36  SCV  
  81  5:37  SCV, Combat Shield, Marine  
  81  5:38  Marine  
  85  5:46  Supply Depot  
  85  5:47  Marauder  
  85  5:49  SCV  
  88  5:52  Widow Mine x2  
  88  5:54  SCV  
  88  5:56  Supply Depot  
  93  5:57  Marine  
  89  6:05  Marauder  
  89  6:07  Medivac x2  
  89  6:09  Marine  
  95  6:12  Marauder  
  95  6:14  Widow Mine  
  95  6:15  Widow Mine  
  95  6:18  SCV  
  102  6:19  Supply Depot  
  102  6:25  SCV  
  102  6:27  Marine  
  102  6:28  Marauder, Marine  
  107  6:38  Medivac x2  
  110  6:43  Widow Mine x2  
  114  6:53  Marine x2  
  118  6:54  Marauder  
  118  6:57  Marauder  
  118  6:59  Concussive Shells  
  116  7:05  Widow Mine x2  
  116  7:15  Barracks Tech Lab  
  116  7:17  Command Center, Marine x2  
  116  7:18  SCV  
  119  7:28  Marine, Barracks x2  
  120  7:30  Supply Depot  
  120  7:36  Supply Depot, Marine  
  123  7:37  Marauder  
  123  7:41  Marine  
  123  7:43  Command Center  
  123  7:48  Widow Mine  
  117  7:59  Widow Mine  
  117  8:01  Marauder x2, Marine x2  
  125  8:09  Widow Mine  
  123  8:18  Marine  
  123  8:19  Marine  
  122  8:23  Marauder x2  
  122  8:26  Widow Mine  
  121  8:30  Widow Mine  
  118  8:36  Marine x2  
  118  8:38  Medivac x2  
  118  8:40  SCV  
  112  8:42  Barracks Tech Lab, Barracks Reactor  
  112  8:43  SCV  
  112  8:44  Marauder  
  112  8:48  Widow Mine  
  117  8:52  SCV  
  117  8:54  Marine x2  
  117  8:55  Orbital Command  
  120  8:58  Widow Mine  
  120  9:01  Marauder  
  124  9:05  Marauder  
  124  9:09  Missile Turret  
  126  9:10  Missile Turret, Marine  
  126  9:12  Marauder  
  118  9:17  Marine  
  118  9:23  Marauder  
  114  9:24  Marine, Orbital Command  
  114  9:25  Ghost Academy  
  114  9:26  Marine  
  115  9:36  Marine x2  
  115  9:37  Marauder  
  119  9:41  Viking  
  119  9:44  Marauder  
  121  9:48  Viking  
  123  9:53  Missile Turret  
  123  9:57  Marine x2  
  125  10:02  SCV x2  
  125  10:05  SCV, Marine  
  129  10:07  Marine x2  
  129  10:10  Marine  
  129  10:11  Marine  
  133  10:18  Terran Infantry Armor Level 1  
  133  10:20  Viking  
  135  10:23  Viking  
  135  10:25  SCV  
  138  10:30  Marine  
  138  10:34  Starport  
  139  10:35  Refinery  
  139  10:38  Marauder, Marine x2  
  143  10:42  Enhanced Shockwaves  
  143  10:47  Ghost  
  145  10:51  Ghost  
  143  10:59  Ghost, Marine  
  146  11:05  SCV, Armory  
  146  11:06  SCV  
  146  11:07  SCV  
  149  11:13  Viking  
  149  11:14  Marine  
  149  11:17  Marine x2  
  154  11:22  Missile Turret, Marine x2  
  154  11:24  Marine  
  156  11:28  Marine  
  156  11:32  SCV, Viking  
  160  11:37  Supply Depot  
  160  11:38  Viking  
  162  11:40  Marine  
  162  11:42  SCV  
  162  11:43  Marine  
  165  11:49  Viking  
  167  12:00  Marine x2  
  167  12:01  Marauder x2  

Tags
 
Add a new tag
Caveats
  • Supply blocks, unpowered buildings, or Contaminate may cause inaccurate times.
  • Supply counts are checked every 10 seconds.